 Dungeon Crawl Stone Soup version 0.30-a0-948-g4fa250aae5 (webtiles) character file.

Game seed: 5978774308826687512

62 BillyBaka the Prestidigitator (level 4, 0/34 HPs)
             Began as a Gnoll Wanderer on Mar 26, 2023.
             Succumbed to an adder's poison
             ... on level 2 of the Dungeon.
             The game lasted 00:10:17 (871 turns).

BillyBaka the Prestidigitator (Gnoll Wanderer)       Turns: 871, Time: 00:10:18

Health: 0/34       AC:  6    Str: 12    XL:     4   Next: 8%
Magic:  8/8        EV: 10    Int: 14    God:
Gold:   58         SH:  0    Dex: 10    Spells: 8/8 levels left

rFire   . . .      SeeInvis .    a - +0 falchion
rCold   . . .      Faith    .    (no shield)
rNeg    . . .      Spirit   .    h - +0 ring mail
rPois   .          Reflect  .    g - +0 helmet
rElec   .          Rampage  .    (no cloak)
rCorr   .                        (no gloves)
Will    .....                    (no boots)
Stlth   +                        (no amulet)
HPRegen 0.25/turn                (no ring)
MPRegen 0.11/turn                (no ring)

@: lethally poisoned (0 -> -2), flying
A: fangs 1, strong nose, distributed training
a: no special abilities


You were on level 2 of the Dungeon.
You visited 1 branch of the dungeon, and saw 2 of its levels.

You collected 58 gold pieces.

Inventory:

Hand Weapons
 a - a +0 falchion (weapon)
Missiles
 b - 5 boomerangs
Armour
 g - a +0 helmet (worn)
 h - a +0 ring mail (worn)
Wands
 c - a wand of quicksilver (3) (quivered)
Scrolls
 j - a scroll of magic mapping
Potions
 f - a potion of flight


   Skills:
 + Level 2.7 Fighting
 + Level 1.0 Short Blades
 + Level 1.0 Long Blades
 + Level 1.0 Axes
 + Level 1.0 Maces & Flails
 + Level 1.0 Polearms
 + Level 1.0 Staves
 + Level 1.0 Ranged Weapons
 + Level 4.6 Throwing
 + Level 1.0 Armour
 + Level 2.7 Dodging
 + Level 1.0 Stealth
 + Level 1.0 Shields
 + Level 1.0 Unarmed Combat
 + Level 2.9 Spellcasting
 + Level 0.8 Conjurations
 + Level 0.8 Hexes
 + Level 0.8 Summonings
 + Level 0.8 Necromancy
 + Level 2.2 Translocations
 + Level 0.8 Transmutations
 + Level 0.8 Fire Magic
 + Level 0.8 Ice Magic
 + Level 0.8 Air Magic
 + Level 0.8 Earth Magic
 + Level 0.8 Poison Magic
 + Level 1.1 Invocations
 + Level 8.5 Evocations


You had 8 spell levels left.
You didn't know any spells.
Your spell library contained the following spells:

 Spells                   Type           Power      Damage    Failure   Level
 Lesser Beckoning         Tloc           16%        N/A       30%         2
 Momentum Strike          Conj/Tloc      12%        3d8       36%         2


Dungeon Overview and Level Annotations

Branches:
Dungeon (2/15)

Altars:


Innate Abilities, Weirdness & Mutations

You have very sharp teeth.
Your uncanny sense of smell can sniff out nearby items.
Your experience applies equally to all skills.


Message History

The adder is severely wounded.
You feel sick. The adder bites you but does no damage. The adder bites you.
You are more poisoned.
The adder poisons you!
You miss the adder.
The adder is severely wounded.
* * * LOW HITPOINT WARNING * * *
You feel sick. The adder misses you.
You closely miss the adder. Your bite misses the adder.
The adder is severely wounded.
* * * LOW HITPOINT WARNING * * *
You feel sick. The adder bites you.
* * * LOW HITPOINT WARNING * * *
The adder bites you.
* * * LOW HITPOINT WARNING * * *
As you read the scroll labelled TER ZOHY LUWY, it crumbles to dust.
It is a scroll of identify.
j - a scroll of magic mapping
* * * LOW HITPOINT WARNING * * *
You feel sick. The adder misses you.
Blink to where?
Press: ? - help, Dir - move target
As you read the scroll labelled DANNEB WOXZAOV, it crumbles to dust.
It was a scroll of blinking.
* * * LOW HITPOINT WARNING * * *
You feel sick.
Okay, then.
Aiming: Quicksilver Bolt
Press: ? - help, Q - select action, (/) - cycle Shift-Dir - straight line, f - adder
Aim: an adder (severely wounded, 57% to hit)
The bolt of dispelling energy hits the adder!!
You kill the adder!
* * * LOW HITPOINT WARNING * * *
You feel sick.
You have reached level 4!
You feel stronger.
* * * LOW HITPOINT WARNING * * *
You feel sick.
A kobold comes into view. It is wielding a +0 club.
You die...

.......##.########.#
#..#.#
.?....h†.h.........#
#..#.#
......B##B##########
#..#.# .(.(..†
#g###....# ####.#
....... #.##.....##
....... #.##.....K
....... #.g.....#
....... ####....#
....... #.@..#
###### ∆


You could see a goblin and a kobold (wandering).

Vanquished Creatures
  An adder (D:2)
  A worm (D:2)
  3 dart slugs
  A ball python (D:2)
  A bat (D:1)
  2 endoplasms (D:1)
  3 giant cockroaches (D:1)
  4 hobgoblins
  4 jackals
  2 kobolds
  2 quokkas (D:1)
  3 frilled lizards
  7 goblins
  6 rats
40 creatures vanquished.

Notes
Turn   | Place    | Note
-------+----------+-------------------------------------------
     0 | D:1      | BillyBaka the Gnoll Wanderer began the quest for the Orb.
     0 | D:1      | BillyBaka set off with the following items: a +0 dagger, 8
                  | boomerangs, a wand of quicksilver (4), a potion of heal
                  | wounds, a +0 robe; and the following spells available to
                  | memorise: Lesser Beckoning, Momentum Strike.
     0 | D:1      | Reached XP level 1. HP: 17/17 MP: 4/4
   192 | D:1      | Reached XP level 2. HP: 11/23 MP: 5/5
   418 | D:1      | Reached XP level 3. HP: 24/28 MP: 7/7
   646 | D:1      | Reached skill level 1 in Invocations
   778 | D:2      | Reached skill level 1 in Short Blades
   778 | D:2      | Reached skill level 1 in Long Blades
   778 | D:2      | Reached skill level 1 in Axes
   778 | D:2      | Reached skill level 1 in Maces & Flails
   778 | D:2      | Reached skill level 1 in Polearms
   778 | D:2      | Reached skill level 1 in Staves
   778 | D:2      | Reached skill level 1 in Ranged Weapons
   778 | D:2      | Reached skill level 1 in Armour
   778 | D:2      | Reached skill level 1 in Stealth
   778 | D:2      | Reached skill level 1 in Shields
   778 | D:2      | Reached skill level 1 in Unarmed Combat
   869 | D:2      | HP: 1/28 [poisoned by an adder]
   870 | D:2      | Reached XP level 4. HP: 2/34 MP: 8/8
   871 | D:2      | Succumbed to an adder's poison

Illustrated notes

Levels and vault maps discovered:
D:1:      psy_arrival_dodecagon, layout_basic
D:2:      layout_basic, minmay_indecisive_spiral

Skill      XL: |  1  2  3 |
---------------+----------+-----
Translocations | 2 |  2.2
Invocations    | 1 |  1.1
Short Blades   | 1 |  1.0
Long Blades    | 1 |  1.0
Axes           | 1 |  1.0
Maces & Flails | 1 |  1.0
Polearms       | 1 |  1.0
Staves         | 1 |  1.0
Ranged Weapons | 1 |  1.0
Armour         | 1 |  1.0
Stealth        | 1 |  1.0
Shields        | 1 |  1.0
Unarmed Combat | 1 |  1.0
Fighting       | |  2.7
Throwing       | |  4.6
Dodging        | |  2.7
Spellcasting   | |  2.9
Conjurations   | |  0.8
Hexes          | |  0.8
Summonings     | |  0.8
Necromancy     | |  0.8
Transmutations | |  0.8
Fire Magic     | |  0.8
Ice Magic      | |  0.8
Air Magic      | |  0.8
Earth Magic    | |  0.8
Poison Magic   | |  0.8
Evocations     | |  8.5

Action                     |  1- 3 |  4- 6 || total
---------------------------+-------+-------++-------
  Melee: Dagger            |   144 |       ||   144
         Bite              |    14 |       ||    14
         Punch             |     2 |       ||     2
         Falchion          |    30 |       ||    30
  Throw: Boomerang         |    49 |       ||    49
  Evoke: Wand              |     1 |       ||     1
    Use: Scroll            |     2 |       ||     2
         Potion            |     2 |       ||     2
 Armour: Robe              |     8 |       ||     8
         Ring mail         |    59 |       ||    59
  Dodge: Dodged            |   115 |       ||   115

Table legend: (Time is in decaauts)
 A = Elapsed time spent in this place.
 B = Non-inter-level travel time spent in this place.
 C = Inter-level travel time spent in this place.
 D = Time resting spent in this place.
 E = Time spent auto-exploring this place.
 F = Levels seen in this place.
 G = Mean time per level.
                   A        B        C        D        E       F      G
               +--------+--------+--------+--------+--------+-----+--------+
         Total |    878 |    868 |     10 |    106 |    298 |   2 |  439.0 |
       Dungeon |    878 |    868 |     10 |    106 |    298 |   2 |  439.0 |
               +--------+--------+--------+--------+--------+-----+--------+

Top non-repeatable levels by time:
     D:1: 712 daAuts
     D:2: 165 daAuts
